 Dungeon Crawl Stone Soup version 0.17-a0-1830-g81820eb (webtiles) character file.

1635 DecibelRebel the Carver (level 8, -3/51 (52) HPs)
             Began as a High Elf Skald on Sept 14, 2015.
             Killed by divine providence
             ... invoked by an orc priest
              (11 damage)
             ... on level 6 of the Dungeon.
             The game lasted 00:40:56 (6507 turns).

DecibelRebel the Carver (High Elf Skald)            Turns: 6507, Time: 00:40:56

HP:   -3/51 (52)    AC:  5    Str: 12    XL:     8   Next: 66%
MP:   4/13          EV: 13    Int: 17    God:
Gold: 275           SH:  0    Dex: 15    Spells: 5 memorised, 2 levels left

rFire  . . .     SeeInvis .     a - +0 falchion
rCold  . . .     Clarity  .     C - +1 leather armour {MR+}
rNeg   . . .     SustAt   .     (no shield)
rPois  .         Gourm    .     (no helmet)
rElec  .         Spirit   .     (no cloak)
rCorr  .         Warding  .     f - +0 pair of gloves
rMut   .         Stasis   .     (no boots)
MR     +....                    (no amulet)
Stlth  +.........               (no ring)
                                (no ring)

@: infused (expiring), somewhat resistant to hostile enchantments, very
unstealthy
A: no striking features
a: no special abilities


You were on level 6 of the Dungeon.
You were hungry.

You visited 1 branch of the dungeon, and saw 6 of its levels.

You collected 275 gold pieces.

Inventory:

Hand weapons
 a - a +0 falchion (weapon)
 B - a +0 shortbow
Missiles
 j - 67 arrows
Armour
 b - a +0 leather armour
 f - a +0 pair of gloves (worn)
 v - a +0 buckler
 C - a +1 leather armour of magic resistance (worn)
Jewellery
 x - a cursed -3 ring of evasion {unknown}
Magical devices
 F - a wand of fire (4)
Scrolls
 h - a scroll of enchant weapon {unknown}
 k - a scroll of fear {unknown}
 m - a scroll of noise {unknown}
 n - a scroll of fog {unknown}
 r - a scroll of magic mapping {unknown}
 w - a scroll of blinking {unknown}
 y - a scroll of teleportation {unknown}
 A - 2 scrolls of enchant armour {unknown}
 E - a scroll of immolation {unknown}
 G - a scroll of random uselessness {unknown}
 H - a scroll of identify
Potions
 e - a potion of curing
 i - a potion of mutation {unknown}
 o - 3 potions of brilliance
 q - 2 potions of poison
 t - a potion of degeneration {unknown}
 u - a potion of haste {unknown}
 z - a potion of agility {unknown}
 D - a potion of flight {unknown}
Books
 c - a book of Battle

   Spells                             Type                      Level
   a - Infusion                       Charms                       1
   b - Shroud of Golubria             Charms/Translocation         2
   c - Song of Slaying                Charms                       2
   d - Spectral Weapon                Hexes/Charms                 3
   e - Regeneration                   Charms/Necromancy            3
Comestibles
 d - 3 bread rations
 g - 2 beef jerkies
 p - a meat ration
 s - 4 fruits


   Skills:
 * Level 3.3 Fighting
 - Level 10.2 Long Blades
 + Level 5.6 Bows
 - Level 0.8 Armour
 - Level 4.0 Dodging
 - Level 3.2 Spellcasting
 + Level 4.7 Charms


You had 2 spell levels left.
You knew the following spells:

 Your Spells              Type           Power        Failure   Level  Hunger
a - Infusion              Chrm           ###...       3%          1    None
b - Song of Slaying       Chrm           ###.....     6%          2    ##.....
c - Shroud of Golubria    Chrm/Tloc      ##........   14%         2    ##.....
d - Spectral Weapon       Hex/Chrm       ##......     28%         3    ###....
e - Regeneration          Chrm/Necr      ##........   28%         3    ###....


Dungeon Overview and Level Annotations

Branches:
Dungeon (6/15)             Temple (0/1) D:5

Altars:
Fedhas


Message History

There is a stone staircase leading down here.
The crimson imp blinks!
The orc priest miscasts a cantrip.
The sentinel's mark upon you fades away.
The orc priest calls upon Beogh to heal the orc warrior.
The orc warrior's wounds heal themselves!
There is an open door here.
Your magical contamination has completely faded away.
The crimson imp blinks!
Your magical infusion is running out.
Throwing (i - inventory):
l - a throwing net (quivered)
Press: ? - help, Shift-Dir - straight line, f - orc
Aim: an orc, wielding a trident You throw a throwing net.
The throwing net hits the orc.
The orc is caught in the net!
The orc struggles against the net.
The orc struggles against the net.
The orc struggles against the net.
The orc priest invokes the aid of Beogh against you.
Something smites you!
You die...

.....# #.## #.# .....#
#..# #.# .....#
##.###.# .#####
#..##.# .# ##.##.# .#
#.##.# .# #.##.#### .#
##############o......#
.#
.......@...ooa5......#
.#
##############.......#
.# #.......# .#
#...>...# .# #......)#
.### ##'#.###...
...### #.#.# .ยง#
.#...# #.#.# . .###.#
#.#.#


You could see an orc warrior, a worker ant, an orc priest, a crimson imp and an
orc (caught).

Vanquished Creatures
  A water moccasin (D:6)
  Duvessa (D:5)
  A phantom (D:5)
  A necrophage (D:5)
  2 ice beasts (D:5)
  3 ogres
  2 centaurs (D:5)
  Blork the orc (D:5)
  2 scorpions (D:5)
  Dowan (D:5)
  An orc priest (D:4)
  Ijyb (D:2)
  A hound (D:5)
  Jessica (D:2)
  2 worker ants (D:4)
  2 hound skeletons
  4 gnolls
  4 adders
  2 shadow imps
  An adder zombie (D:5)
  3 worms
  An adder skeleton (D:4)
  5 giant geckos
  12 orcs
  9 giant cockroaches
  10 goblins
  12 hobgoblins
  7 jackals
  A quokka (D:4)
  4 ball pythons
  10 bats
  2 giant newts (D:3)
  A jackal skeleton (D:4)
  9 kobolds
  11 rats
131 creatures vanquished.

Vanquished Creatures (others)
  2 fungi (D:2)
2 creatures vanquished.

Grand Total: 133 creatures vanquished

Notes
Turn   | Place    | Note
--------------------------------------------------------------
     0 | D:1      | DecibelRebel the High Elf Skald began the quest for the Orb.
     0 | D:1      | Reached XP level 1. HP: 14/14 MP: 4/4
   246 | D:1      | Reached XP level 2. HP: 5/19 MP: 1/6
   680 | D:1      | Reached skill level 4 in Charms
   917 | D:1      | Learned a level 2 spell: Song of Slaying
   920 | D:1      | Learned a level 2 spell: Shroud of Golubria
  1042 | D:1      | Reached XP level 3. HP: 15/24 MP: 5/8
  1647 | D:2      | Noticed Jessica
  1658 | D:2      | Killed Jessica
  1720 | D:2      | Reached XP level 4. HP: 20/29 MP: 5/9
  1947 | D:2      | Noticed Ijyb
  1974 | D:2      | Killed Ijyb
  1974 | D:2      | Reached skill level 5 in Long Blades
  2014 | D:2      | Found a blossoming altar of Fedhas.
  2212 | D:2      | Reached XP level 5. HP: 16/34 MP: 4/10
  2444 | D:2      | Learned a level 3 spell: Spectral Weapon
  3202 | D:3      | Reached skill level 6 in Long Blades
  4430 | D:4      | Reached XP level 6. HP: 39/39 MP: 11/11
  4661 | D:4      | Reached skill level 7 in Long Blades
  5059 | D:5      | Entered Level 5 of the Dungeon
  5285 | D:5      | Noticed Duvessa
  5285 | D:5      | Noticed Dowan
  5308 | D:5      | Killed Dowan
  5308 | D:5      | Reached skill level 8 in Long Blades
  5366 | D:5      | Reached XP level 7. HP: 16/45 MP: 0/12
  5395 | D:5      | Killed Duvessa
  5502 | D:5      | Found a staircase to the Ecumenical Temple.
  5554 | D:5      | Reached skill level 9 in Long Blades
  5649 | D:5      | Reached XP level 8. HP: 17/49 MP: 8/13
  6001 | D:5      | Noticed Blork the orc
  6028 | D:5      | Killed Blork the orc
  6043 | D:5      | Reached skill level 10 in Long Blades
  6043 | D:5      | Reached skill level 5 in Bows
  6309 | D:6      | Learned a level 3 spell: Regeneration
  6507 | D:6      | Killed from afar by an orc priest

Vault maps used:
D:1:      sevenhm_arrival_forest_fort_large_4
D:2:      fedhas_altar_3, uniq_iyjb, uniq_jessica
D:3:      kennysheep_generic_room_7
D:5:      first_bread, uniq_blork_the_orc, uniq_duvessa
D:6:      serial_glass, glass_columns_b, glass_columns_c

Action                   |  1- 3 |  4- 6 |  7- 9 || total
-------------------------+-------+-------+-------++-------
Melee: Falchion          |   114 |   346 |   152 ||   612
 Fire: Shortbow          |       |     3 |     5 ||     8
Throw: Throwing net      |       |       |     1 ||     1
 Cast: Infusion          |    12 |    19 |     9 ||    40
       Shroud of Golubri |     1 |    10 |     4 ||    15
       Song of Slaying   |     1 |     7 |       ||     8
       Spectral Weapon   |       |     1 |     1 ||     2
  Use: Scroll            |       |     2 |     1 ||     3
       Potion            |       |     4 |     3 ||     7
 Stab: Sleeping          |       |     3 |       ||     3
  Eat: Chunk             |     2 |    12 |       ||    14
       Bread ration      |       |     1 |       ||     1
       Fruit             |       |     1 |       ||     1
